 Dungeon Crawl Stone Soup version 0.20.0-8-g6b59dc7 (webtiles) character file.

2199 Monsterracer the Grappler (level 9, -9/79 HPs)
             Began as a Naga Transmuter on May 31, 2017.
             Was a Believer of Cheibriados.
             Mangled by a hornet (18 damage)
             ... on level 7 of the Dungeon.
             The game lasted 00:24:34 (8595 turns).

Monsterracer the Grappler (Naga Transmuter)         Turns: 8595, Time: 00:24:35

Health: -9/79      AC:  6    Str: 17    XL:     9   Next: 34%
Magic:  4/12       EV: 12    Int: 20    God:    Cheibriados [**....]
Gold:   385        SH:  0    Dex: 21    Spells: 2/12 levels left

rFire    . . .     SeeInvis +     - Unarmed
rCold    . . .     Gourm    .   (no shield)
rNeg     . . .     Faith    .   b - +1 robe
rPois    +         Spirit   .   (helmet restricted)
rElec    .         Reflect  .   (no cloak)
rCorr    .         Harm     .   x - +0 pair of gloves (curse)
MR       +....                  (no barding)
Stlth    +.........             (no amulet)
Regen    0.3/turn               f - +5 ring of dexterity
MPRegen  0.2/turn               p - ring of loudness (curse)

@: lethally poisoned (-9 -> -11), very slightly contaminated, slowed, very slow
A: horns 1, see invisible, deformed body, poison resistance, slowness 2, slow
metabolism 1, spit poison 2, AC +3
a: Breathe Poison Gas, Bend Time, Renounce Religion


You were on level 7 of the Dungeon.
You worshipped Cheibriados.
Cheibriados was pleased with you.
You were not hungry.

You visited 2 branches of the dungeon, and saw 8 of its levels.
You also visited: Sewer.

You collected 385 gold pieces.

Inventory:

Missiles
 a - 95 arrows
 g - 23 tomahawks (quivered)
Armour
 b - a +1 robe (worn)
 o - a +0 buckler
 t - a +1 helmet
 x - a cursed +0 pair of gloves (worn)
Jewellery
 f - a +5 ring of dexterity (left hand)
 k - an uncursed ring of fire
 p - a cursed ring of loudness (right hand)
Wands
 v - a wand of iceblast (3/15)
 y - a wand of acid (6/15)
Scrolls
 h - 8 scrolls of identify
 n - 5 scrolls of remove curse
 s - a scroll of recharging
Potions
 i - 2 potions of agility
 m - 2 potions of flight
Books
 c - a book of Changes

   Spells                             Type                      Level
   a - Beastly Appendage              Transmutation                1
   b - Sticks to Snakes               Transmutation                2
   c - Spider Form                    Transmutation/Poison         3
   d - Ice Form                       Ice/Transmutation            4
   e - Blade Hands                    Transmutation                5
 j - a book of Necromancy

   Spells                             Type                      Level
   a - Pain                           Necromancy                   1
   b - Animate Skeleton               Necromancy                   1
   c - Vampiric Draining              Necromancy                   3
   d - Regeneration                   Charms/Necromancy            3
   e - Animate Dead                   Necromancy                   4
   f - Control Undead                 Necromancy                   4
Comestibles
 d - 3 bread rations
 l - 3 royal jellies
 r - a meat ration
 u - 8 fruits
 w - 3 chunks of flesh


   Skills:
 + Level 4.4 Fighting
 - Level 1.5 Throwing
 + Level 4.0 Dodging
 * Level 8.5 Unarmed Combat
 - Level 2.0 Spellcasting
 * Level 5.3 Transmutations
 - Level 2.6 Poison Magic
 + Level 2.9 Invocations


You had 2 spell levels left.
You knew the following spells:

 Your Spells              Type           Power        Failure   Level  Hunger
b - Spider Form           Tmut/Pois      ###.......   9%          3    ###....
c - Blade Hands           Tmut           ###.......   43%         5    ######.
d - Sticks to Snakes      Tmut           ###.....     2%          2    ##.....


Dungeon Overview and Level Annotations

Branches:
Dungeon (7/15)             Temple (1/1) D:4

Altars:
Ashenzari
Cheibriados
Dithmenos
Elyvilon
Fedhas
Hepliaklqana
Kikubaaqudgha
Makhleb
Nemelex Xobeh
Okawaru
Qazlal
Sif Muna
Trog
Uskayaw
Vehumet
Xom
Zin
The Shining One

Annotations:
D:7 Menkaure


Innate Abilities, Weirdness & Mutations

You cannot wear boots.
Your serpentine skin is tough. (AC +3)
You have supernaturally acute eyesight. (SInv)
Armour fits poorly on your strangely shaped body.
Your system is resistant to poisons. (rPois)
You cover ground very slowly.
You have a slow metabolism.
You can exhale a cloud of poison.
You have a pair of small horns on your head.


Message History

The hornet barely misses you.
The crimson imp blinks!
The hornet stings you!
* * * LOW HITPOINT WARNING * * *
Blink to where?
Press: ? - help, Dir - move target cursor
As you read the scroll of blinking, it crumbles to dust.
You hit the hornet. Your headbutt misses the hornet.
The hornet is almost dead.
The hornet barely misses you. The hornet stings you.
* * * LOW HITPOINT WARNING * * *
You hit the hornet but do no damage. Your headbutt misses the hornet.
The hornet is almost dead.
The hornet stings you!
* * * LOW HITPOINT WARNING * * *
You are poisoned.
You feel much better.
You feel sick. The hornet stings you!
* * * LOW HITPOINT WARNING * * *
You feel yourself slow down.
Menkaure whispers a few words.
The hornet stings you!!
You die...

#.# #.# #.###.#####.
###.###.#####.# #.# #.
..........##.###.# #.
#..##.##....[...# #.
##..##.##..#.##### #.
#.....:......# #.
###########...##.##....# #.
..............##.##....# #.
############....@yM....#########.
#...[.###............. #..#####
#..########### #.## #..# #. #..#
#. #..# #. #..###### #y.......
#$..####.


You could see a hornet and Menkaure.

Vanquished Creatures
  Grinder (D:3)
  Eustachio (D:5)
  A black bear (D:6)
  3 ice beasts
  2 phantoms
  An ogre (D:4)
  A crocodile (Sewer)
  A centaur (D:5)
  A gnoll sergeant (D:5)
  Blork the orc (D:4)
  4 howler monkeys
  2 crimson imps
  3 hounds
  3 orc priests
  4 iguanas
  3 worker ants
  Robin (D:3)
  8 gnolls
  A howler monkey skeleton (D:5)
  11 adders
  An ooze (D:2)
  An adder zombie (D:5)
  A worm (D:3)
  2 dart slugs
  8 leopard geckos
  26 orcs
  8 giant cockroaches
  13 goblins (D:3)
  12 hobgoblins
  7 jackals
  6 quokkas
  A ball python (D:6)
  5 bats
  7 frilled lizards
  A jackal skeleton (D:4)
  6 kobolds
  6 rats
164 creatures vanquished.

Vanquished Creatures (collateral kills)
  The ghost of Monsterracer the Conjurer, an amateur DECj (D:3)
  A bat (D:3)
  A hobgoblin (D:3)
3 creatures vanquished.

Grand Total: 167 creatures vanquished

Notes
Turn   | Place    | Note
-------+----------+-------------------------------------------
     0 | D:1      | Monsterracer the Naga Transmuter began the quest for the Orb.
     0 | D:1      | Reached XP level 1. HP: 18/18 MP: 3/3
   570 | D:1      | Reached XP level 2. HP: 20/25 MP: 5/5
   624 | D:1      | Learned a level 2 spell: Sticks to Snakes
  1069 | D:2      | Found a faded altar of an unknown god.
  1084 | D:2      | Reached skill level 4 in Unarmed Combat
  1439 | D:2      | Reached XP level 3. HP: 28/31 MP: 4/6
  1461 | D:2      | Learned a level 3 spell: Spider Form
  1705 | D:2      | Reached skill level 1 in Poison Magic
  2045 | D:2      | Reached XP level 4. HP: 21/38 MP: 2/7
  2374 | D:3      | Noticed Monsterracer's ghost (amateur DECj)
  2700 | D:3      | Killed Monsterracer's ghost
  2700 | D:3      | Reached skill level 5 in Unarmed Combat
  2700 | D:3      | Reached XP level 5. HP: 26/44 MP: 5/8
  3017 | D:3      | Found a shattered altar of Ashenzari.
  3463 | D:3      | Noticed Robin
  3669 | D:3      | Killed Robin
  3669 | D:3      | Reached XP level 6. HP: 20/51 MP: 5/9
  3696 | D:3      | Found a blossoming altar of Fedhas.
  4098 | D:3      | Reached skill level 6 in Unarmed Combat
  4123 | D:3      | Noticed Grinder
  4133 | D:3      | Killed Grinder
  4133 | D:3      | Reached XP level 7. HP: 43/60 MP: 2/10
  4589 | D:4      | Found a glowing drain.
  4639 | Sewer    | Entered a sewer
  4662 | Sewer    | Gained mutation: Your tail ends in a poisonous barb. [potion of mutation]
  4662 | Sewer    | Lost mutation: Your tail ends in a poisonous barb. [potion of mutation]
  4662 | Sewer    | Gained mutation: You can exhale a cloud of poison. [potion of mutation]
  4662 | Sewer    | Gained mutation: You have a pair of small horns on your head. [potion of mutation]
  4941 | D:4      | Found a staircase to the Ecumenical Temple.
  4951 | Temple   | Entered the Ecumenical Temple
  5055 | Temple   | Became a worshipper of Cheibriados the Contemplative
  5337 | D:4      | Noticed Blork the orc
  5346 | D:4      | Killed Blork the orc
  5346 | D:4      | Reached skill level 7 in Unarmed Combat
  5347 | D:4      | Found a deep blue altar of Sif Muna.
  5550 | D:4      | Reached XP level 8. HP: 47/69 MP: 11/11
  5669 | D:4      | Reached skill level 1 in Throwing
  5676 | D:4      | Learned a level 5 spell: Blade Hands
  5880 | D:5      | Entered Level 5 of the Dungeon
  6049 | D:5      | Noticed Eustachio
  6061 | D:5      | Killed Eustachio
  6399 | D:5      | Reached * piety under Cheibriados
  6473 | D:5      | Reached skill level 1 in Invocations
  7988 | D:6      | Reached skill level 8 in Unarmed Combat
  8107 | D:6      | Reached XP level 9. HP: 73/78 MP: 8/12
  8450 | D:7      | Reached skill level 5 in Transmutations
  8476 | D:7      | Reached ** piety under Cheibriados
  8581 | D:7      | Noticed a hornet
  8582 | D:7      | Noticed Menkaure
  8595 | D:7      | Mangled by a hornet

Skill      XL: |  1  2  3  4  5  6  7  8  9 |
---------------+----------------------------+-----
Unarmed Combat | 4 5 6 7 8 |  8.5
Poison Magic   | 1 2 |  2.6
Fighting       | 2 3 4 |  4.4
Dodging        | 2 3 4 |  4.0
Transmutations | 3 4 5 |  5.3
Throwing       | 1 |  1.5
Invocations    | 2 |  2.9
Spellcasting   | |  2.0

Action                   |  1- 3 |  4- 6 |  7- 9 || total
-------------------------+-------+-------+-------++-------
Melee: Unarmed           |    85 |   188 |   269 ||   542
       Punch             |     3 |     4 |     5 ||    12
       Headbutt          |     8 |     2 |    36 ||    46
Throw: Tomahawk          |       |       |    16 ||    16
 Cast: Beastly Appendage |    11 |     5 |       ||    16
       Sticks to Snakes  |     2 |     3 |     2 ||     7
       Spider Form       |       |     4 |    17 ||    21
 Abil: Spit Poison       |     5 |     6 |       ||    11
       Breathe Poison Ga |       |       |    12 ||    12
  Use: Potion            |     6 |     2 |     4 ||    12
       Scroll            |       |       |    13 ||    13
 Stab: Distracted        |       |     1 |     2 ||     3
       Sleeping          |       |     1 |     1 ||     2
  Eat: Chunk             |     3 |     7 |    16 ||    26
Armor: Robe              |    11 |    34 |    29 ||    74
       Skin              |       |     1 |     3 ||     4
Dodge: Dodged            |    46 |    81 |   179 ||   306
